cohdb
Replays
Latest Replays
All Replays
Popular Replays
Top Player Replays
Match Explorer
How It Works
Community
CoH3 Stats
Reddit
Sign in to upload your games and track your stats! →
Sign in with Steam
Match 22792825
Unlisted
Match 22792825
Overview
Messages
Build Orders
End
Selects Airborne Battlegroup
Selects Pathfinders
Pathfinder Squad
Construct Barracks
Pathfinder Squad
Riflemen Squad
Construct Weapon Support Center
Bazooka Squad
Improved M9 Bazooka Rockets
Riflemen Squad
Bazooka Squad
Construct Medical Station
Air Support Center
Selects Paratrooper Squad Paradrop
Paratrooper Squad Paradrop
M1918 Browning Automatic Rifles
Grenade Package
Construct Motor Pool
Selects Recon Loiter
Selects Paradrop Reinforcements
Selects Anti-tank Gun Team Paradrop
Paratrooper Squad Paradrop
M24 Chaffee Light Tank
Paratrooper Squad Paradrop
Engineer Squad
P-47 Strafing Run
Construct Tank Depot
M1919 Machine Gun Team
P-47 Dive Bomb
Recon Loiter
Selects Dual P-47 Rocket Strike
Dual P-47 Rocket Strike
M4A1 Sherman Medium Tank
kILLA_kAN
Von choltitz
Blarg354
DanBruhhDan
MuchShiba
Ripsy
0
0
Comments
sign in to comment!
No comments posted yet!